Map: Lost and Found LE

Players

lIIllllIIlll (INnoVation) - Winner!

  • Race: Terran Terran
  • League: Master
  • Spawn Location: 7:00

Lambo

  • Race: Zerg Zerg
  • League: Master
  • Spawn Location: 1:00

Event: HomeStory Cup XVII

VOD

Have the link to the VOD?

Description

Time

  • Played on: July 1, 2018, 4:27 p.m.
  • Length: 23:10

All games in this series

Show
View Real Time Build Order
Export as new Build Order

lIIllllIIlll Terran - Winner!

Build Orders: Bio Tank, Banshee Rush 

Get SALT Encoding   

  12  0:00  SCV  
  13  0:13  SCV  
  14  0:18  Supply Depot  
  14  0:25  SCV  
  15  0:40  Barracks  
  15  0:52  Barracks  
  15  0:54  SCV  
  16  1:04  Refinery  
  16  1:06  SCV  
  17  1:18  SCV  
  18  1:27  Marine  
  18  1:30  Orbital Command  
  19  1:38  Supply Depot  
  19  1:40  Marine  
  19  1:45  Marine  
  21  1:53  Bunker  
  21  1:57  SCV  
  21  1:59  Marine  
  23  2:03  Marine  
  24  2:11  Factory  
  21  2:16  SCV  
  20  2:28  SCV  
  21  2:40  SCV, Command Center  
  22  2:48  Refinery  
  22  2:53  SCV  
  22  2:56  Hellion  
  24  3:01  Starport  
  23  3:08  SCV  
  24  3:18  Factory Reactor  
  24  3:20  SCV  
  25  3:32  SCV  
  26  3:39  Starport Tech Lab  
  26  3:44  SCV  
  27  3:49  Command Center  
  27  3:51  Orbital Command  
  27  3:56  SCV  
  27  3:59  Cloaking Field  
  28  4:06  Banshee  
  31  4:10  SCV  
  31  4:11  Orbital Command  
  32  4:24  SCV  
  33  4:25  Barracks Tech Lab  
  33  4:36  SCV  
  33  4:37  Factory Tech Lab  
  34  4:38  SCV, Barracks  
  34  4:40  Barracks  
  34  4:45  Stimpack  
  35  4:49  Banshee  
  35  4:51  SCV x2  
  40  4:58  Siege Tank  
  43  5:02  Orbital Command  
  43  5:05  SCV x2  
  45  5:07  Marine  
  46  5:17  SCV  
  46  5:18  SCV  
  46  5:20  Engineering Bay  
  48  5:22  Engineering Bay  
  48  5:27  Marine  
  49  5:32  SCV x2  
  51  5:37  Marine  
  51  5:39  Barracks Reactor  
  51  5:41  Refinery, SCV  
  54  5:43  Starport Reactor, Refinery  
  54  5:44  SCV  
  54  5:47  SCV  
  54  5:49  Terran Infantry Weapons Level 1  
  57  5:53  SCV  
  57  5:55  Supply Depot  
  57  5:56  Supply Depot, SCV  
  57  5:58  Terran Infantry Armor Level 1  
  57  5:59  SCV  
  57  6:03  Barracks Reactor  
  58  6:05  Marine x3  
  61  6:16  SCV x3  
  64  6:19  Marine x2  
  64  6:21  Supply Depot, Medivac  
  64  6:22  Marine  
  69  6:28  Orbital Command, SCV  
  69  6:29  Marine  
  69  6:30  Marine, Medivac  
  71  6:33  SCV  
  71  6:36  Supply Depot  
  71  6:37  Supply Depot  
  71  6:39  Barracks  
  72  6:41  SCV  
  72  6:42  Marine x2  
  72  6:43  Siege Tank  
  72  6:44  Marine x3  
  72  6:45  SCV  
  82  6:47  Supply Depot  
  82  6:53  SCV  
  83  6:55  SCV  
  83  6:56  Armory  
  83  6:57  SCV  
  83  6:58  Marine x2  
  83  7:00  Marine  
  88  7:05  SCV  
  88  7:08  SCV, Marine  
  91  7:09  SCV  
  91  7:12  Supply Depot  
  92  7:17  SCV  
  92  7:19  Marine x4  
  92  7:20  SCV  
  92  7:21  Siege Tank, SCV  
  101  7:23  Refinery  
  101  7:24  Refinery  
  101  7:28  Barracks Reactor  
  101  7:29  SCV  
  102  7:30  Supply Depot  
  102  7:32  SCV  
  102  7:34  SCV  
  102  7:35  Marine x3  
  102  7:36  Marine x2  
  108  7:43  SCV  
  108  7:44  SCV  
  108  7:46  SCV  
  108  7:49  Terran Infantry Weapons Level 2  
  108  7:52  Terran Infantry Armor Level 2  
  108  7:54  Terran Vehicle And Ship Armor Level 1  
  108  7:55  Marine x5  
  108  7:57  SCV  
  108  7:58  SCV  
  115  7:59  SCV  
  115  8:03  Supply Depot  
  116  8:09  SCV  
  116  8:10  SCV  
  116  8:11  SCV  
  116  8:17  Siege Tank, Medivac x2  
  116  8:18  Marine x3  
  121  8:22  SCV x2  
  121  8:23  SCV, Factory  
  124  8:29  Supply Depot  
  124  8:33  Supply Depot  
  124  8:36  SCV x3, Liberator  
  124  8:38  Liberator  
  130  8:42  Command Center  
  127  8:50  Barracks x2  
  127  8:52  Marauder, Marine x7  
  127  8:54  Barracks  
  142  8:57  Siege Tank  
  142  8:58  Combat Shield  
  145  9:05  Supply Depot  
  145  9:06  Supply Depot  
  145  9:07  Supply Depot  
  145  9:12  Siege Tank  
  145  9:16  Supply Depot  
  148  9:21  Marine  
  148  9:23  Supply Depot  
  149  9:26  Marine x6  
  149  9:27  Marauder  
  149  9:29  Supply Depot x2  
  149  9:31  Siege Tank  
  160  9:36  Medivac  
  160  9:38  Medivac  
  164  9:39  Barracks Tech Lab  
  164  9:40  Barracks Tech Lab  
  164  9:41  Barracks Tech Lab  
  162  9:52  Siege Tank  
  166  9:53  Marauder, Marine  
  166  9:54  Marine x7  
  174  10:13  Terran Infantry Weapons Level 3  
  177  10:14  Marine x8  
  177  10:15  Terran Infantry Armor Level 3  
  177  10:17  Concussive Shells  
  177  10:20  Planetary Fortress, SCV x3  
  168  10:22  Refinery  
  168  10:23  Refinery  
  168  10:31  Marauder x2  
  168  10:32  Marauder x2, Marine x2  
  178  10:44  Medivac x2  
  178  10:45  Marine x6  
  188  10:50  Terran Vehicle And Ship Armor Level 2, Marine x2  
  188  10:53  SCV x2  
  188  10:54  SCV  
  188  10:55  Marauder x2  
  197  11:00  Siege Tank  
  199  11:10  Command Center  
  196  11:23  Liberator x2  
  179  11:27  Siege Tank  
  185  11:32  Siege Tank  
  185  11:36  Supply Depot  
  185  11:37  Supply Depot  
  185  11:41  Marauder x3, Marine  
  185  11:42  Marine x5  
  128  12:01  Siege Tank  
  128  12:02  Marauder, Marine x8  
  128  12:03  Marauder x3  
  128  12:05  Siege Tank, Liberator  
  128  12:06  Liberator  
  147  12:10  Ghost Academy  
  147  12:13  Supply Depot  
  147  12:14  SCV x3  
  147  12:15  Sensor Tower  
  150  12:20  Marine  
  150  12:22  Sensor Tower  
  151  12:27  SCV x3  
  160  12:39  Marine x5  
  160  12:40  Marine x4, Ghost x3  
  160  12:42  Personal Cloaking  
  175  12:56  SCV x3  
  175  12:57  Missile Turret  
  178  13:00  Siege Tank x2  
  178  13:04  Marine x3  
  178  13:05  Marine x4  
  185  13:06  Marine  
  185  13:09  Ghost x3  
  192  13:16  Ghost  
  194  13:25  Refinery  
  194  13:26  Sensor Tower  
  194  13:27  Refinery, Missile Turret  
  194  13:30  Command Center  
  194  13:35  Medivac x2  
  194  13:40  Command Center  
  198  13:56  Ghost  
  198  13:58  Command Center  
  198  14:01  Planetary Fortress  
  200  14:06  Terran Vehicle And Ship Armor Level 3  
  200  14:13  Starport x2  
  200  14:14  Fusion Core  
  200  14:24  Missile Turret  
  200  14:28  Missile Turret  
  200  14:34  Barracks  
  200  14:36  Barracks  
  200  14:41  Nuke  
  200  14:50  Command Center  
  200  14:52  Orbital Command  
  200  14:54  Planetary Fortress  
  200  14:56  Missile Turret  
  200  15:02  Command Center x2  
  200  15:06  Missile Turret  
  200  15:12  Orbital Command  
  200  15:17  Starport Reactor, Starport Tech Lab  
  200  15:18  Liberator  
  200  15:19  Liberator  
  200  15:26  Barracks Tech Lab  
  197  15:35  Advanced Ballistics  
  200  15:45  Missile Turret  
  200  15:46  Missile Turret  
  200  15:51  Nuke  
  200  15:52  Missile Turret  
  199  16:00  Ghost Academy  
  199  16:01  Ghost Academy  
  198  16:05  Liberator x3  
  195  16:11  Barracks Tech Lab  
  195  16:15  Orbital Command  
  195  16:16  Orbital Command  
  185  16:23  Missile Turret  
  185  16:24  Missile Turret  
  194  16:26  Missile Turret  
  194  16:36  Ghost x3  
  200  16:43  Terran Ship Weapons Level 1  
  200  16:45  Liberator x2  
  192  16:48  Ghost x2  
  192  16:49  Planetary Fortress, Ghost  
  192  16:52  Refinery  
  193  16:55  Refinery  
  191  17:02  Liberator x2  
  191  17:03  Liberator  
  191  17:04  Ghost  
  188  17:20  Ghost x5  
  188  17:21  Marine x6  
  199  17:25  Missile Turret x2  
  199  17:27  Sensor Tower  
  199  17:29  Orbital Command  
  199  17:32  Nuke x2  
  199  17:46  Missile Turret x2  
  199  17:50  Command Center  
  198  18:14  Ghost  
  198  18:18  Nuke x2  
  200  18:29  Hi-Sec Auto Tracking, Structure Armor  
  200  18:31  Missile Turret x2  
  200  18:33  Ghost  
  200  18:41  Starport Reactor  
  200  18:49  Barracks x2  
  200  19:00  Barracks  
  198  19:10  Missile Turret  
  198  19:13  Ghost  
  198  19:15  Nuke  
  200  19:20  Ghost  
  198  19:26  Ghost  
  198  19:27  Ghost  
  199  19:33  Missile Turret  
  199  19:35  Missile Turret  
  196  19:55  Ghost x4  
  196  19:56  Ghost x2  
  186  20:04  Liberator  
  170  20:09  Medivac x2  
  170  20:10  Barracks Tech Lab, Viking x3  
  170  20:11  Barracks Tech Lab  
  170  20:12  Barracks Tech Lab  
  170  20:13  Marine x8  
  174  20:22  Liberator x2  
  174  20:23  Ghost x4  
  174  20:25  Ghost x2  
  183  20:31  Marine x8  
  188  20:39  Viking  
  188  20:40  Viking x2  
  196  21:03  Nuke  
  194  21:19  Viking x3  
  194  21:22  Nuke  
  200  21:32  Liberator x3  
  198  21:35  Ghost, Viking x3  
  198  21:36  Ghost x2  
  195  21:44  Ghost  
  190  21:48  Liberator  
  193  22:00  Nuke x2  
  199  22:01  Marauder x3  
  198  22:27  Viking x2  
Show
View Real Time Build Order
Export as new Build Order

Lambo Zerg 

Build Orders: Hatch First 

Get SALT Encoding   

  12  0:01  Drone  
  13  0:12  Overlord  
  13  0:17  Drone  
  14  0:30  Drone x2  
  16  0:47  Hatchery  
  15  0:51  Drone  
  15  0:54  Drone  
  17  0:57  Drone  
  18  1:13  Spawning Pool  
  17  1:25  Drone  
  18  1:26  Drone  
  19  2:00  Queen  
  19  2:01  Spine Crawler  
  20  2:07  Zergling x8  
  24  2:11  Zergling x2  
  20  2:19  Drone  
  22  2:26  Drone  
  23  2:31  Drone  
  23  2:34  Drone  
  25  2:40  Overlord  
  25  2:43  Drone  
  26  2:51  Drone  
  26  2:52  Drone  
  27  2:59  Queen  
  27  3:01  Drone  
  27  3:03  Extractor  
  27  3:05  Drone  
  30  3:10  Overlord  
  30  3:15  Drone  
  30  3:16  Drone  
  30  3:17  Drone  
  33  3:26  Drone x2  
  35  3:31  Drone  
  35  3:35  Drone  
  35  3:37  Queen  
  35  3:40  Overlord  
  38  3:45  Drone  
  38  3:46  Drone x2  
  38  3:48  Drone  
  42  3:56  Drone  
  42  3:58  Queen  
  42  3:59  Drone  
  42  4:02  Drone  
  47  4:07  Drone  
  47  4:08  Drone x2  
  50  4:13  Drone  
  51  4:24  Hatchery  
  51  4:26  Metabolic Boost  
  51  4:27  Queen  
  51  4:28  Extractor  
  51  4:29  Extractor  
  51  4:31  Drone  
  51  4:34  Overlord  
  51  4:45  Overlord  
  52  4:52  Drone  
  52  4:53  Lair  
  52  4:55  Spore Crawler, Drone x5  
  52  4:57  Spore Crawler, Drone  
  56  5:00  Drone  
  56  5:03  Drone  
  56  5:06  Drone  
  59  5:10  Drone  
  60  5:18  Baneling Nest  
  59  5:21  Drone x2  
  59  5:27  Spore Crawler  
  60  5:32  Drone x4  
  64  5:38  Drone x2  
  64  5:39  Overlord  
  64  5:42  Overlord  
  66  5:43  Drone  
  65  5:55  Overseer, Drone x6  
  71  5:57  Drone  
  71  6:10  Queen  
  71  6:11  Drone  
  72  6:16  Drone  
  72  6:17  Drone x2  
  72  6:24  Drone x3  
  75  6:28  Overlord, Drone x3  
  75  6:30  Drone, Queen  
  81  6:33  Hydralisk Den  
  81  6:34  Extractor, Drone  
  81  6:35  Evolution Chamber  
  81  6:36  Evolution Chamber  
  81  6:38  Drone x3  
  81  6:41  Centrifical Hooks  
  81  6:44  Drone x2  
  82  6:47  Extractor, Hatchery  
  82  6:48  Extractor  
  79  6:56  Drone x2  
  79  6:59  Zergling x4  
  83  7:02  Zergling x4  
  83  7:03  Zergling x4  
  83  7:06  Zergling x4, Zerg Melee Weapons Level 1, Zerg Ground Armor Level 1  
  83  7:07  Zergling x4  
  91  7:14  Grooved Spines  
  91  7:20  Zergling x8  
  95  7:24  Baneling x4  
  95  7:26  Zergling x2  
  95  7:27  Zergling x4  
  98  7:30  Baneling x2  
  98  7:34  Overlord x2  
  98  7:35  Overlord x3  
  98  7:37  Overlord  
  98  7:42  Drone  
  98  7:43  Overlord  
  97  7:47  Drone x2  
  97  7:50  Drone  
  98  7:52  Drone  
  98  7:55  Drone  
  98  7:56  Baneling  
  98  7:57  Infestation Pit  
  99  7:58  Hydralisk x2  
  99  7:59  Zergling x4, Hydralisk  
  99  8:00  Zergling x4  
  99  8:02  Zergling x2, Hydralisk x2  
  99  8:03  Zergling x2  
  115  8:08  Hydralisk  
  115  8:09  Zergling x2, Hydralisk  
  115  8:11  Zergling x2, Hydralisk  
  109  8:23  Drone x4  
  109  8:25  Muscular Augments  
  113  8:29  Baneling x3  
  113  8:31  Zergling x10  
  118  8:34  Queen  
  118  8:38  Drone x2, Hive  
  118  8:39  Queen  
  118  8:40  Hydralisk  
  126  8:47  Zergling x2  
  126  8:48  Zergling x4  
  129  8:53  Baneling x2  
  129  8:54  Drone x3  
  132  9:01  Hydralisk  
  132  9:02  Hydralisk x4  
  142  9:04  Baneling x2  
  142  9:05  Hydralisk  
  142  9:08  Hatchery  
  143  9:11  Hydralisk x3  
  143  9:12  Zergling x2  
  143  9:16  Zergling x4  
  152  9:24  Overlord x2  
  152  9:25  Zerg Ground Armor Level 2, Zerg Melee Weapons Level 2  
  152  9:26  Overlord  
  152  9:29  Overlord  
  147  9:40  Zergling x8  
  147  9:41  Overlord  
  147  9:44  Overlord  
  147  9:45  Zergling x12  
  157  9:49  Zergling x14  
  157  9:52  Adrenal Glands  
  164  9:54  Overlord  
  164  9:56  Overlord  
  164  9:58  Overlord  
  164  10:03  Overlord  
  164  10:04  Overlord  
  164  10:08  Viper x4  
  164  10:09  Hydralisk x3  
  164  10:10  Zergling x2  
  164  10:13  Extractor  
  175  10:14  Zergling x2  
  175  10:17  Zergling x4  
  171  10:25  Zergling x22  
  171  10:26  Spire  
  171  10:28  Baneling x3  
  181  10:32  Pneumatized Carapace  
  181  10:35  Drone x3  
  184  10:36  Zergling x8  
  184  10:37  Baneling x8  
  188  10:44  Baneling x8  
  188  10:45  Zergling x2  
  188  10:46  Zergling x6  
  192  10:50  Zergling x4  
  192  10:54  Zergling x12  
  192  10:56  Baneling x5  
  192  10:57  Spore Crawler, Zergling x2  
  199  11:02  Zergling x2  
  194  11:05  Baneling x11  
  194  11:07  Zergling x8  
  197  11:18  Zergling x18  
  197  11:23  Baneling x10  
  197  11:24  Zergling x6  
  188  11:30  Hydralisk x3  
  182  11:36  Zergling x4  
  182  11:39  Zergling x4  
  185  11:40  Hydralisk x2  
  186  11:48  Zergling x6  
  166  11:56  Zergling x6  
  166  12:00  Hydralisk x2  
  166  12:01  Zergling x4  
  160  12:03  Zergling x6  
  160  12:06  Drone x3  
  166  12:12  Zerg Ground Armor Level 3  
  166  12:13  Zerg Missile Weapons Level 1  
  166  12:14  Drone  
  168  12:15  Zergling x12  
  168  12:18  Hatchery  
  172  12:23  Zergling x6  
  172  12:26  Drone  
  172  12:27  Drone  
  177  12:32  Zergling x6  
  177  12:36  Overlord  
  180  12:43  Greater Spire, Viper, Drone  
  180  12:45  Zergling x12  
  180  12:47  Baneling x9  
  189  12:52  Zergling x16  
  189  12:57  Drone x2  
  189  12:58  Spore Crawler  
  197  13:00  Spore Crawler  
  197  13:03  Zergling x2, Hydralisk x2  
  199  13:14  Extractor  
  198  13:29  Queen  
  200  13:34  Hatchery  
  200  13:38  Baneling x10  
  200  13:40  Baneling x15  
  199  13:47  Baneling x8  
  199  13:57  Zerg Flyer Weapons Level 1  
  199  13:58  Pathogen Glands, Hatchery  
  199  13:59  Zergling x4  
  199  14:02  Overseer  
  200  14:14  Extractor x2  
  198  14:33  Zerg Missile Weapons Level 2  
  198  14:35  Infestor  
  200  14:44  Overseer  
  200  14:50  Zerg Melee Weapons Level 3  
  198  15:01  Drone  
  199  15:07  Spire, Burrow  
  198  15:16  Overseer  
  198  15:23  Spore Crawler  
  193  15:47  Drone x2  
  195  15:53  Extractor  
  195  15:54  Extractor  
  189  16:02  Drone  
  189  16:03  Drone x2  
  191  16:05  Extractor  
  191  16:06  Extractor  
  191  16:09  Drone x10  
  199  16:22  Overseer  
  196  16:32  Extractor  
  196  16:33  Extractor  
  192  16:45  Zergling x40  
  198  16:52  Zerg Flyer Weapons Level 2  
  198  16:53  Zerg Flyer Armor Level 1  
  198  16:54  Zerg Missile Weapons Level 3  
  191  17:03  Zergling x18  
  200  17:14  Hydralisk  
  200  17:15  Zergling x20  
  192  17:18  Corruptor  
  192  17:19  Corruptor x13  
  185  17:24  Infestor x3  
  191  17:32  Corruptor x2  
  195  17:45  Spore Crawler  
  192  17:57  Brood Lord x3, Spore Crawler  
  197  17:59  Spore Crawler  
  197  18:00  Spore Crawler x2  
  197  18:01  Spore Crawler  
  176  18:22  Brood Lord x9  
  176  18:23  Brood Lord x3  
  198  18:33  Infestor  
  200  18:36  Baneling x15  
  200  18:47  Spore Crawler  
  200  18:48  Spine Crawler  
  193  19:15  Brood Lord  
  190  19:17  Overseer  
  169  19:36  Zergling x14  
  169  19:37  Zergling x10  
  176  19:42  Corruptor  
  176  19:45  Zergling x26  
  177  19:54  Unknown  
  177  19:58  Unknown  
  152  20:00  Zergling x26  
  146  20:08  Corruptor x3  
  146  20:14  Infestor x3  
  148  20:23  Drone x4  
  148  20:25  Infestor  
  148  20:28  Baneling x4  
  154  20:29  Drone  
  154  20:35  Infestor  
  157  20:43  Brood Lord  
  157  20:46  Overseer x3  
  159  20:53  Hatchery, Drone x9  
  167  21:03  Viper x2  
  173  21:06  Drone  
  173  21:09  Overseer  
  170  21:36  Unknown  
  166  21:49  Infestor x2  
  166  21:50  Infestor  
  170  21:57  Corruptor  
  170  21:58  Corruptor x5  
  170  21:59  Drone  
  170  22:00  Drone  
  172  22:24  Corruptor x2  
  172  22:25  Viper x2  
  182  22:35  Corruptor x4  
  174  22:41  Zergling x2  
  174  22:42  Zergling x12  
  151  22:45  Zergling x4  
  151  22:47  Zergling x4  
  126  22:51  Zergling x6  
Tags
 
Add a new tag
Caveats
  • Supply blocks, unpowered buildings, or Contaminate may cause inaccurate times.
  • Supply counts are checked every 10 seconds.